 Dungeon Crawl Stone Soup version 5.6-49-g8abd877 (webtiles) character file.

12131 Moonstruck the Brawler (level 13, -2/80 HPs)
             Began as a Tengu Torpor Knight on Nov 24, 2018.
             Was a High Priest of Cheibriados.
             Hit by a large rock thrown by a cyclops (31 damage)
             ... on level 14 of the Dungeon.
             The game lasted 00:09:36 (8175 turns).

Moonstruck the Brawler (Tengu Torpor Knight)        Turns: 8175, Time: 00:09:37

Health: -2/80      AC: 22 (39%)Str: 31  XL:     13   Next: 74%
Magic:  39/39      EV: 21    Int: 31    God:    Cheibriados [5*[147]]
Gold:   435        SH:  3    Dex: 26    Spells: 29/29 levels left

rFire    . . .     SeeInvis .     - Unarmed
rCold    . . .     Faith    .   (no shield)
rNeg     + . .     Spirit   .   a - +0 plate armour {ponderous}
rPois    .         Reflect  +   I - +3 hat of Pondering {ponderous, MR+ MP+10 Int+5}
rElec    .                      A - +2 cloak
rCorr    .                      (no gloves)
MR       +....                  (boots unavailable)
Stlth    ..........             z - +3 amulet of reflection
Regen    0.3/turn               f - +3 ring of protection
MPRegen  0.4/turn               q - +3 ring of slaying

@: flying evasively, very slow
A: beak, claws 1, horns 1, talons 3, negative energy resistance 1, able to fly,
shiny
a: Stop Flying, Bend Time, Temporal Distortion, Slouch, Step From Time, Renounce
Religion


You were on level 14 of the Dungeon.
You worshipped Cheibriados.
Cheibriados was extremely pleased with you.
You were not hungry.

You visited 2 branches of the dungeon, and saw 15 of its levels.
You visited the bazaar 1 time.
You also visited: Sewer.

You collected 1020 gold pieces.
You spent 585 gold pieces at shops.

Inventory:

Hand Weapons
 K - a +1 vampiric broad axe
Missiles
 e - 240 poisoned darts
 h - 7 curare darts (quivered)
 w - 197 tomahawks
 J - 78 javelins
Armour
 a - a +0 plate armour of ponderousness (worn)
 l - a +0 cloak
 A - a +2 cloak (worn)
 H - a +1 hat
 I - the +3 hat of Pondering (worn) {ponderous, MR+ MP+10 Int+5}
   (You took it off Gastronok on level 11 of the Dungeon)

   It affects your intelligence (+5).
   It affects your resistance to hostile enchantments.
   It affects your magic capacity (+10).
Jewellery
 f - a +3 ring of protection (left claw)
 o - a +3 ring of evasion
 q - a +3 ring of slaying (right claw)
 u - an uncursed ring of resist corrosion
 y - an uncursed ring of protection from magic
 z - a +3 amulet of reflection (around neck)
 B - a +5 ring of strength
 E - a +3 ring of protection
 G - an uncursed ring of protection from magic
Wands
 j - a wand of digging (11)
 F - a wand of iceblast (2)
 L - a wand of disintegration (7)
Scrolls
 c - 5 scrolls of enchant armour
 d - 2 scrolls of fear
 n - a scroll of blinking
 p - 6 scrolls of amnesia
 s - 7 scrolls of enchant weapon
 t - 3 scrolls of magic mapping
 v - a scroll of teleportation
 D - 2 scrolls of fog
Potions
 b - a potion of magic
 g - 5 potions of lignification
 i - 4 potions of augmentation
 k - 2 potions of cancellation
 m - 9 potions of ambrosia
 r - 12 potions of heal wounds
 x - a potion of mutation
 M - 2 potions of invisibility
Miscellaneous
 C - a box of beasts


   Skills:
 - Level 9.0 Fighting
 - Level 6.0 Armour
 + Level 10.6 Dodging
 * Level 17.1 Unarmed Combat
 * Level 7.2 Necromancy
 - Level 8.3 Invocations


You had 29 spell levels left.
You didn't know any spells.
Your spell library contained the following spells:

 Spells                   Type           Power        Failure   Level  Hunger
 Apportation              Tloc           0 (1000)     58%         1    N/A
 Summon Small Mammal      Summ           0 (25)       58%         1    N/A
 Summon Horrible Things   Summ           0 (200)      100%        8    N/A
 Animate Dead             Necr           44 (200)     36%         4    N/A
 Pain                     Necr           25 (25)      4%          1    N/A
 Control Undead           Necr           44 (200)     36%         4    N/A
 Vampiric Draining        Necr           44 (200)     12%         3    N/A
 Regeneration             Chrm/Necr      22 (200)     45%         3    N/A
 Sublimation of Blood     Necr           44 (200)     6%          2    N/A
 Summon Greater Demon     Summ           0 (200)      100%        7    N/A
 Confusing Touch          Hex            0 (50)       58%         1    N/A
 Monstrous Menagerie      Summ           0 (200)      100%        7    N/A
 Malign Gateway           Summ/Tloc      0 (200)      100%        7    N/A
 Infusion                 Chrm           0 (25)       58%         1    N/A

Dungeon Overview and Level Annotations

Branches:
Dungeon (14/15)            Bazaar (1/1)

Altars:
Cheibriados
Dithmenos
Elyvilon
Gozag
Jiyva
Kikubaaqudgha
Lugonu
Makhleb
Nemelex Xobeh
Okawaru
Qazlal
Ru
Sif Muna
Trog
Uskayaw
Vehumet
Wu Jian
Xom
Yredelemnul
Zin
The Shining One

Shops:
Bazaar !(*[*!


Innate Abilities, Weirdness & Mutations

You have a beak for a mouth.
You have sharp fingernails.
You have a pair of small horns on your head.
You have claws for feet.
You can fly continuously.
You resist negative energy. (rN+)
You shine softly (Stealth---).


Message History

Unknown command.
Key pressed, stopping explore.
You are too injured to fight recklessly!
You now have 430 gold pieces (gained 30).
You see here a +0 arbalest.
No target in view!
Magic restored.
i - 4 potions of augmentation (gained 1)
You now have 435 gold pieces (gained 5).
You see here a +0 arbalest.
No target in view!
A cyclops comes into view.
The cyclops throws a large rock.
The large rock closely misses you (0).
The cyclops throws a large rock.
The large rock hits you (6).
The cyclops throws a large rock.
The large rock completely misses you (0).
A cyclops is nearby!
The cyclops throws a large rock.
The large rock hits you (16)!
The cyclops throws a large rock.
The large rock hits you (31)!!
You die...

.... ###. ...## #
....## # ##. .....# #
.##.. .....## # ...##
......# #..# ##.......
#..####...C.#..
#......@......#
##...........###
#..##.......##
##.###...#...# # #..#
#...#...#
#.#####.####..###..##.
#.......# #...# .....
#.......###..## .....#
######..##...####.....#


You could see a cyclops.

Vanquished Creatures
  Gastronok (D:11)
  A catoblepas (D:13)
  A hydra (D:12)
  A centaur warrior (D:13)
  6 two-headed ogres
  3 death knights
  4 skeletal warriors
  2 unseen horrors (D:13)
  A phantasmal warrior (D:12)
  An orc sorcerer (D:10)
  6 ugly things
  A wolf spider zombie (D:9)
  2 cyclopes (D:13)
  8 slime creatures (D:14)
  4 spiny frogs
  4 centaur skeletons
  An efreet (D:13)
  4 yaktaurs (D:14)
  3 rime drakes
  2 hellwings (D:9)
  6 meliai
  Grinder (D:5)
  A black mamba zombie (D:9)
  2 shadows
  3 wyverns (D:7)
  A black mamba skeleton (D:12)
  A wraith (D:12)
  A steam dragon (D:9)
  2 angry ghosts
  Edmund (D:4)
  2 water moccasins
  3 ice beasts
  6 orc warriors
  2 black bears
  2 wasps
  A spiny frog skeleton (D:9)
  6 ogres
  3 blink frog zombies
  4 boggarts (D:14)
  12 centaurs
  A blink frog skeleton (D:9)
  A rime drake zombie (D:8)
  A bullfrog (D:9)
  A wyvern zombie (D:12)
  3 wyvern skeletons
  A scorpion (D:4)
  2 troll zombies (D:14)
  4 crimson imps
  6 wights
  2 howler monkeys (D:3)
  4 hounds
  A quasit (D:5)
  Crazy Yiuf (D:3)
  5 centaur zombies
  2 orc priests
  3 jellies
  4 human zombies (D:14)
  12 orc wizards
  4 worker ants
  8 iguanas
  An ogre skeleton (D:14)
  A hound zombie (D:5)
  2 mummies (D:14)
  9 adders
  3 shadow imps (D:9)
  An ooze (D:1)
  A dart slug (D:2)
  30 orcs
  5 quokkas
  6 ball pythons
  5 bats
  10 giant cockroaches
  4 goblins
  3 hobgoblins
  4 jackals (D:2)
  20 kobolds
  6 frilled lizards
  An orc zombie (D:14)
  29 rats
323 creatures vanquished.

Vanquished Creatures (others)
  A centaur skeleton (D:11)
  A troll (D:11)
2 creatures vanquished.

Grand Total: 325 creatures vanquished

Notes
Turn   | Place    | Note
-------+----------+-------------------------------------------
     0 | D:1      | Moonstruck the Tengu Torpor Knight began the quest for the Orb.
     0 | D:1      | Reached XP level 1. HP: 12/12 MP: 3/3
    41 | D:1      | Reached skill level 4 in Unarmed Combat
    53 | D:1      | Reached XP level 2. HP: 12/17 MP: 5/5
   287 | D:1      | Reached ** piety under Cheibriados
   412 | D:1      | Gained mutation: You are agile. (Dex +5) [mutagenic hatch]
   419 | D:2      | Reached XP level 3. HP: 20/21 MP: 6/6
   490 | D:2      | Found a corrupted altar of Lugonu.
   550 | D:2      | Found a faded altar of an unknown god.
   594 | D:2      | Reached skill level 5 in Unarmed Combat
   607 | D:2      | Reached *** piety under Cheibriados
   623 | D:2      | Reached XP level 4. HP: 26/26 MP: 8/8
   711 | D:2      | Found a deep blue altar of Sif Muna.
   847 | D:3      | Found a shimmering altar of Xom.
   887 | D:3      | Found a runed door.
   925 | D:3      | Noticed Crazy Yiuf
   928 | D:3      | Killed Crazy Yiuf
   972 | D:3      | Gained mutation: You can fly continuously. [Tengu growth]
   972 | D:3      | Reached XP level 5. HP: 24/30 MP: 10/10
  1085 | D:3      | Reached skill level 6 in Unarmed Combat
  1194 | D:3      | Found a glowing golden altar of the Shining One.
  1321 | D:4      | Reached XP level 6. HP: 35/35 MP: 12/12
  1338 | D:4      | Noticed Edmund
  1339 | D:4      | Found a burning altar of Makhleb.
  1346 | D:4      | Killed Edmund
  1346 | D:4      | Reached skill level 7 in Unarmed Combat
  1359 | D:4      | Found an opulent altar of Gozag.
  1381 | D:4      | Found a glowing drain.
  1392 | Sewer    | Entered a sewer
  1408 | Sewer    | Reached **** piety under Cheibriados
  1478 | Sewer    | Reached XP level 7. HP: 4/40 MP: 14/14
  1706 | D:4      | Reached skill level 8 in Unarmed Combat
  2027 | D:5      | Entered Level 5 of the Dungeon
  2031 | D:5      | Reached skill level 5 in Armour
  2081 | D:5      | Reached XP level 8. HP: 36/44 MP: 16/16
  2142 | D:5      | Found an iron altar of Okawaru.
  2144 | D:5      | Found an ancient bone altar of Kikubaaqudgha.
  2144 | D:5      | Found a viscous altar of Jiyva.
  2144 | D:5      | Found a shadowy altar of Dithmenos.
  2144 | D:5      | Found a stormy altar of Qazlal.
  2149 | D:5      | Found a radiant altar of Vehumet.
  2149 | D:5      | Found a white marble altar of Elyvilon.
  2150 | D:5      | Found a basalt altar of Yredelemnul.
  2219 | D:5      | Reached skill level 9 in Unarmed Combat
  2321 | D:5      | Noticed Grinder
  2329 | D:5      | Killed Grinder
  2340 | D:5      | Reached ***** piety under Cheibriados
  2362 | D:5      | Gained mutation: Your body sometimes deteriorates upon taking damage. [mutagenic hatch]
  2494 | D:6      | Reached skill level 10 in Unarmed Combat
  2494 | D:6      | Reached XP level 9. HP: 28/51 MP: 18/18
  2716 | D:6      | Found a glowing silver altar of Zin.
  2716 | D:6      | Found an ornate altar of the Wu Jian Council.
  2716 | D:6      | Found a glowing golden altar of the Shining One.
  2716 | D:6      | Found a sparkling altar of Nemelex Xobeh.
  2716 | D:6      | Found a hide-covered altar of Uskayaw.
  2716 | D:6      | Found a snail-covered altar of Cheibriados.
  2717 | D:6      | Found a sacrificial altar of Ru.
  3198 | D:7      | Reached skill level 11 in Unarmed Combat
  3222 | D:7      | Found a bloodstained altar of Trog.
  3404 | D:7      | Reached skill level 5 in Dodging
  3617 | D:8      | Reached skill level 5 in Fighting
  3950 | D:8      | Noticed a two-headed ogre
  3953 | D:8      | Killed a two-headed ogre
  3953 | D:8      | Reached skill level 5 in Invocations
  3953 | D:8      | Reached XP level 10. HP: 5/59 MP: 21/21
  4202 | D:8      | Reached skill level 12 in Unarmed Combat
  4240 | D:8      | Gained mutation: You can translocate small distances at will. [mutagenic hatch]
  4256 | D:9      | Reached skill level 13 in Unarmed Combat
  4256 | D:9      | Reached XP level 11. HP: 11/66 MP: 16/22
  4308 | D:9      | Noticed a death knight
  4318 | D:9      | Killed a death knight
  4790 | D:10     | Entered Level 10 of the Dungeon
  4949 | D:10     | Noticed an orc sorcerer
  4955 | D:10     | Killed an orc sorcerer
  5438 | D:10     | Gained mutation: You possess an exceptional clarity of mind. [mutagenic hatch]
  5454 | D:11     | Noticed a two-headed ogre
  5462 | D:11     | Reached skill level 14 in Unarmed Combat
  5465 | D:11     | Killed a two-headed ogre
  5506 | D:11     | Found a shimmering altar of Xom.
  5605 | D:11     | Found a gateway to a bazaar.
  5848 | D:11     | Noticed Gastronok
  5859 | D:11     | Killed Gastronok
  5859 | D:11     | Reached XP level 12. HP: 34/73 MP: 24/24
  5934 | Bazaar   | Entered a bazaar
  5934 | Bazaar   | Found Qetosch's Distillery.
  5934 | Bazaar   | Found Baytu's General Store.
  5934 | Bazaar   | Found Dajibuup's Armour Shop.
  5936 | Bazaar   | Found Gezem's Distillery.
  5936 | Bazaar   | Found Cunuer's Assorted Antiques.
  5973 | Bazaar   | Bought a potion of heal wounds for 55 gold pieces
  5973 | Bazaar   | Bought 2 potions of heal wounds for 110 gold pieces
  5979 | Bazaar   | Bought 2 potions of heal wounds for 210 gold pieces
  5979 | Bazaar   | Bought a potion of heal wounds for 105 gold pieces
  5979 | Bazaar   | Bought a potion of heal wounds for 105 gold pieces
  6283 | D:12     | Noticed a six-headed hydra
  6288 | D:12     | Killed a six-headed hydra
  6305 | D:12     | Noticed a death knight
  6308 | D:12     | Reached skill level 15 in Unarmed Combat
  6311 | D:12     | Killed a death knight
  6659 | D:12     | Noticed a death knight
  6668 | D:12     | Killed a death knight
  6942 | D:13     | Noticed a catoblepas
  6946 | D:13     | Killed a catoblepas
  6946 | D:13     | Reached skill level 1 in Necromancy
  7072 | D:13     | Found a viscous altar of Jiyva.
  7098 | D:13     | Reached XP level 13. HP: 43/80 MP: 29/29
  7165 | D:13     | Reached skill level 16 in Unarmed Combat
  7290 | D:13     | Gained mutation: You shine softly (Stealth---). [mutagenic hatch]
  7291 | D:14     | Lost mutation: Your body sometimes deteriorates upon taking damage. [potion of mutation]
  7291 | D:14     | Lost mutation: You are agile. (Dex +5) [potion of mutation]
  7291 | D:14     | Lost mutation: You possess an exceptional clarity of mind. [potion of mutation]
  7291 | D:14     | Lost mutation: You can translocate small distances at will. [potion of mutation]
  7291 | D:14     | Gained mutation: You resist negative energy. (rN+) [potion of mutation]
  7291 | D:14     | Gained mutation: Your magical capacity is low. (-10% MP) [potion of mutation]
  7291 | D:14     | Lost mutation: Your magical capacity is low. (-10% MP) [potion of mutation]
  7302 | D:14     | Reached skill level 10 in Dodging
  7322 | D:14     | Reached skill level 5 in Necromancy
  7962 | D:14     | Found a basalt altar of Yredelemnul.
  8091 | D:14     | Reached skill level 17 in Unarmed Combat
  8100 | D:14     | Reached ****** piety under Cheibriados
  8175 | D:14     | Hit by a large rock thrown by a cyclops

Skill      XL: |  1  2  3  4  5  6  7  8  9 10 11 12 13 |
---------------+----------------------------------------+-----
Unarmed Combat | 4 5 6 7 8 10 11 13 14 15 17 | 17.1
Invocations    | 2 3 4 5 6 7 8 |  8.3
Armour         | 3 4 5 6 |  6.0
Dodging        | 3 5 7 8 9 10 | 10.6
Fighting       | 3 5 6 7 9 |  9.0
Necromancy     | 3 7 |  7.2

Action                   |  1- 3 |  4- 6 |  7- 9 | 10-12 | 13-15 || total
-------------------------+-------+-------+-------+-------+-------++-------
Melee: Unarmed           |    59 |    61 |   139 |   163 |   109 ||   531
       Kick              |    22 |    26 |    68 |   104 |    75 ||   295
       Headbutt          |     9 |    16 |    40 |    61 |    46 ||   172
       Peck              |     5 |     9 |    30 |    60 |    44 ||   148
       Punch             |       |       |     3 |    21 |    15 ||    39
Throw: Curare dart       |       |     1 |       |       |       ||     1
Invok: Slouch            |       |       |     3 |     7 |     3 ||    13
 Abil: Fly               |       |     1 |       |       |       ||     1
Evoke: Box of beasts     |       |       |       |     3 |       ||     3
       Wand              |       |       |       |       |     1 ||     1
  Use: Scroll            |       |     1 |       |     1 |     1 ||     3
       Potion            |       |       |       |     1 |     1 ||     2
Armor: Plate armour      |    39 |    34 |    63 |    65 |    28 ||   229
Dodge: Dodged            |    17 |    27 |    81 |   167 |    83 ||   375
Block: Other             |       |       |       |    15 |    13 ||    28
       Reflection        |       |       |       |     1 |     3 ||     4
